AoeStats
← Roman O'Cry

Black Forest

505221452Analyzed
4v4 RM · 23d ago on Sep 8, 2026· 65m 31s· 8 players
Game mode
Random Map
Map size
Large (8 player)
Population
200
Speed
Normal
Resources
Standard
Victory
Conquest
Starting age
Dark Age
Ending age
Imperial Age
RankedLock teamsTeams togetherTeam positionsShared explorationLock speedFull tech treeHidden civsTurbo modeCheats
Victory
Defeat
🇺🇸 Romans · United States
745
+13
🇮🇩 Huns · Indonesia
684
+16
🇨🇳 Teutons · China
602
+19
🇺🇸 Malians · United States
601
+19
🇫🇷 Turks · France
711
-18
🇭🇷 Romans · Croatia
674
-17
🇩🇪 Goths · Germany
667
-16
🇪🇸 Hindustanis · Spain
647
-16
Fedequemero73
3:15 Loom
12:24 Feudal Age
13:29 Double-Bit Axe
17:03 Wheelbarrow
16:15 Town Watch
21:30 Castle Age
19:57 Gold Mining
19:56 Horse Collar
20:36 Stone Mining
23:27 Bloodlines
23:17 Husbandry
23:41 Forging
23:37 Scale Barding Armor
25:51 Iron Casting
27:26 Bow Saw
28:57 Heavy Plow
29:18 Caravan
30:38 Town Watch
31:59 Hand Cart
35:13 Imperial Age
34:40 Grand Trunk Road
35:38 Town Patrol
35:21 Heavy Camel Rider
37:29 Chemistry
36:50 Ballistics
37:37 Shatagni
37:58 Conscription
41:24 Blast Furnace
40:45 Chain Barding Armor
42:35 Imperial Camel Rider
58:31 Hoardings
60:05 Plate Barding Armor
Lanyco
1:06 Loom
17:13 Feudal Age
22:51 Horse Collar
22:59 Double-Bit Axe
23:12 Gold Mining
23:17 Stone Mining
28:03 Castle Age
27:12 Man-at-Arms
28:07 Scale Mail Armor
28:18 Forging
28:32 Long Swordsman
29:13 Squires
33:30 Chain Mail Armor
35:33 Iron Casting
43:20 Caravan
43:42 Scale Barding Armor
45:28 Heavy Plow
45:47 Bow Saw
46:56 Chain Barding Armor
53:03 Imperial Age
53:12 Gold Shaft Mining
54:42 Comitatenses
54:52 Elite Centurion
55:26 Town Watch
56:17 Wheelbarrow
57:52 Plate Barding Armor
58:38 Blast Furnace
57:31 Fletching
Roman O'Cry
0:26 Loom
13:53 Feudal Age
18:33 Castle Age
16:53 Double-Bit Axe
18:15 Horse Collar
18:46 Stone Mining
18:50 Gold Mining
21:20 Bow Saw
22:50 Gold Shaft Mining
28:16 Wheelbarrow
30:02 Hand Cart
30:09 Caravan
30:57 Heavy Plow
31:53 Devotion
32:15 Heresy
32:24 Town Watch
33:11 Fortified Wall
32:57 Murder Holes
33:23 Ballistics
32:44 Treadmill Crane
33:15 Masonry
37:07 Imperial Age
35:44 Town Patrol
35:39 Fletching
36:23 Bodkin Arrow
36:36 Padded Archer Armor
37:57 Forging
38:04 Leather Archer Armor
37:49 Scale Mail Armor
37:50 Bracer
37:57 Scale Barding Armor
37:41 Arrowslits
38:35 Architecture
38:34 Guilds
39:53 Two-Man Saw
40:48 Bombard Tower
40:33 Squires
40:19 Arson
39:55 Man-at-Arms
41:11 Ring Archer Armor
41:17 Iron Casting
41:04 Chain Barding Armor
40:59 Chain Mail Armor
42:32 Conscription
43:54 Parthian Tactics
42:50 Heavy Cavalry Archer
43:36 Thumb Ring
43:35 Artillery
43:59 Sipahi
44:15 Hoardings
43:10 Sappers
45:25 Blast Furnace
45:01 Plate Barding Armor
46:43 Long Swordsman
50:43 Bloodlines
50:34 Husbandry
55:47 Coinage
tobhaeg
0:34 Loom
16:10 Feudal Age
24:34 Castle Age
22:48 Scale Mail Armor
22:58 Forging
22:54 Double-Bit Axe
22:54 Horse Collar
23:11 Gold Mining
25:02 Wheelbarrow
29:44 Hand Cart
29:53 Bow Saw
33:01 Squires
32:21 Pikeman
39:05 Imperial Age
37:05 Chain Mail Armor
37:26 Iron Casting
36:58 Anarchy
38:43 Heavy Plow
41:25 Chemistry
40:46 Ballistics
41:04 Conscription
40:44 Perfusion
41:50 Blast Furnace
40:41 Fletching
40:54 Padded Archer Armor
41:33 Crop Rotation
42:19 Two-Man Saw
41:28 Halberdier
41:30 Man-at-Arms
42:48 Elite Huskarl
46:15 Bodkin Arrow
46:35 Leather Archer Armor
51:00 Long Swordsman
51:47 Bracer
52:18 Ring Archer Armor
51:56 Murder Holes
56:18 Two-Handed Swordsman
jacklaughlinstudios
2:02 Loom
19:07 Feudal Age
23:41 Castle Age
22:20 Wheelbarrow
21:31 Town Watch
21:34 Horse Collar
28:43 Hand Cart
28:29 Town Patrol
43:00 Forging
42:55 Scale Barding Armor
42:51 Scale Mail Armor
42:42 Fletching
42:57 Husbandry
43:08 Bloodlines
42:18 Light Cavalry
43:03 Tigui
46:37 Fortified Wall
46:48 Ballistics
46:38 Masonry
46:25 Murder Holes
50:58 Imperial Age
49:07 Iron Casting
48:54 Chain Barding Armor
48:51 Chain Mail Armor
48:33 Bodkin Arrow
48:39 Padded Archer Armor
51:41 Heavy Camel Rider
54:10 Conscription
53:51 Farimba
54:04 Elite Gbeto
55:20 Hoardings
55:57 Plate Barding Armor
57:22 Cavalier
58:34 Plate Mail Armor
58:20 Leather Archer Armor
57:38 Sappers
59:13 Chemistry
58:51 Architecture
CHINOMIN
0:33 Loom
13:40 Feudal Age
21:13 Castle Age
20:02 Horse Collar
20:17 Double-Bit Axe
22:30 Man-at-Arms
24:00 Heavy Plow
24:00 Long Swordsman
24:42 Squires
25:05 Forging
24:56 Scale Mail Armor
24:47 Fletching
28:30 Wheelbarrow
35:03 Imperial Age
33:18 Iron Casting
32:59 Chain Mail Armor
32:39 Bodkin Arrow
32:38 Town Watch
33:45 Hand Cart
33:40 Caravan
35:05 Legionary
36:07 Conscription
38:18 Blast Furnace
37:44 Murder Holes
38:41 Padded Archer Armor
39:11 Ballistics
40:00 Leather Archer Armor
42:54 Ring Archer Armor
47:07 Comitatenses
58:03 Pikeman
60:11 Halberdier
板蓝根
10:07 Loom
18:09 Feudal Age
20:08 Double-Bit Axe
20:22 Gold Mining
26:28 Castle Age
24:23 Horse Collar
28:31 Heavy Plow
28:45 Bow Saw
28:50 Stone Mining
35:26 Forging
35:17 Scale Mail Armor
42:13 Imperial Age
44:48 Elite Teutonic Knight
47:46 Pikeman
48:27 Squires
49:06 Iron Casting
48:47 Chain Mail Armor
49:42 Stone Shaft Mining
49:57 Wheelbarrow
Xz
0:40 Loom
15:02 Feudal Age
21:34 Double-Bit Axe
24:37 Castle Age
25:32 Scale Barding Armor
25:29 Padded Archer Armor
25:20 Fletching
26:08 Bow Saw
25:43 Horse Collar
28:00 Leather Archer Armor
27:41 Bodkin Arrow
32:45 Chain Barding Armor
32:28 Husbandry
33:18 Heavy Plow
38:28 Imperial Age
37:42 Gold Mining
38:41 Cavalier
40:04 Plate Barding Armor
41:02 Gold Shaft Mining
41:05 Parthian Tactics
41:48 Paladin
46:09 Caravan
52:02 Heavy Cavalry Archer
Connection lost

Rejoining the realm…

Still unreachable

The connection could not be restored.

Session expired

The server has moved on; the page needs a fresh start.